 Dungeon Crawl Stone Soup version 0.31-a0-744-gbc345e7fcb (webtiles) character file.

Game seed: 5714866639507767729

282 LeprechaunX the Changeling (level 6, -1/41 HPs)
             Began as an Octopode Shapeshifter on Sept 13, 2023.
             Killed from afar by an orc wizard (11 damage)
             ... with a puff of flame
             ... on level 3 of the Dungeon.
             The game lasted 00:02:26 (1830 turns).

LeprechaunX the Changeling (Octopode Shapeshifter)  Turns: 1830, Time: 00:02:26

Health: -1/41      AC:  1    Str: 15    XL:     6   Next: 28%
Magic:  6/6        EV: 18    Int: 13    God:
Gold:   67         SH:  0    Dex: 11    Spells: 5/5 levels left

rFire   . .          .
                       - Unarmed
rCold   . . .        (no shield)
rNeg    . . .        (helmet currently unavailable)
rPois   .            (no amulet)
rElec   .            d - +5 ring of evasion
rCorr   .            (no ring)
SInv    .            (no ring)
Will    .....        (no ring)
Stlth   ++           (no ring)
HPRegen 0.26/turn    (no ring)
MPRegen 0.10/turn    (no ring)
                     (no ring)

%: no passive effects
@: confused, beast-form
A: beast (slay +2), almost no armour, amphibious, 8 rings, camouflage 1,
gelatinous body 1, (nimble swimmer 1), tentacles
a: Begin Untransformation


You were on level 3 of the Dungeon.
You were a hulking beast.
You visited 1 branch of the dungeon, and saw 3 of its levels.
You also visited: Sewer.

You collected 67 gold pieces.

Inventory:

Jewellery
 d - a +5 ring of evasion (left tentacle)
 i - a ring of fire
Talismans
 b - a beast talisman (active)
 c - a flux talisman
Scrolls
 e - 3 scrolls of fear {unknown}
 g - 2 scrolls of identify {unknown}
 j - 2 scrolls of teleportation {unknown}
 k - a scroll of noise {unknown}
 l - a scroll of blinking {unknown}
 m - a scroll of revelation {unknown}
 n - a scroll of fog {unknown}
Potions
 a - a potion of lignification
 f - a potion of might {unknown}
 h - 2 potions of enlightenment {unknown}
 o - a potion of curing {unknown}
 p - 2 potions of magic {unknown}
 q - a potion of heal wounds {unknown}
 r - a potion of haste {unknown}


   Skills:
 + Level 2.7 Fighting
 + Level 3.2 Dodging
 + Level 4.0 Unarmed Combat
 * Level 4.6 Shapeshifting


You had 5 spell levels left.
You didn't know any spells.
Your spell library contained the following spells:

 Spells                   Type           Power      Damage    Failure   Level
 Dazzling Flash           Conj/Hex       0%         N/A       67%         3
 Summon Guardian Golem    Hex/Summ       0%         N/A       67%         3
 Agony                    Necr           0%         N/A       100%        5
 Silence                  Hex/Air        0%         N/A       100%        5
 Orb of Destruction       Conj           0%         9d5       100%        7
 Spellforged Servitor     Conj/Summ      0%         N/A       100%        7


Dungeon Overview and Level Annotations

Branches:
Dungeon (3/15)              Sewer (visited)

Altars:


Innate Abilities, Weirdness & Mutations

You are a hulking beast.
Your limbs bulge with bestial killing power. (Slay +2)
You cannot wear most types of armour.
You are amphibious.
You can wear up to eight rings at the same time.
Your skin changes colour to match your surroundings (Stealth+).
Your rubbery body absorbs attacks. (AC +1, EV +1)
((You are camouflaged when in or above water. (Stealth+)))
You have tentacles for arms and can constrict up to eight enemies at once.


Message History

You tentacle-slap the orc.
You kill the orc!
You bump into the rock wall.
The orc closely misses you.
You tentacle-slap the orc but do no damage.
You feel less confused. The orc misses you.
You bludgeon the orc!
You kill the orc!
You tentacle-slap the orc. You grab the orc.
The orc is severely wounded.
You constrict the orc, but do no damage.
The orc misses you.
You tentacle-slap the orc.
You kill the orc!
You barely miss the orc. You grab the orc. You squeeze the orc.
The orc is moderately wounded.
You constrict the orc. The orc barely misses you.
You tentacle-slap the orc.
You kill the orc!
You closely miss something. Your squeeze misses something.
The orc closely misses you. Something hits you.
You tentacle-slap something. The orc closely misses you.
You hear some strange, mumbled words.
You are confused.
You barely miss something. Your squeeze misses something.
The orc completely misses you. Something hits you.
You bump into the rock wall.
The orc hits you from afar with a +0 trident.
Something hits you.
You bump into the rock wall.
The orc misses you. Something hits you.
* * * LOW HITPOINT WARNING * * *
You bump into the rock wall.
The orc barely misses you. Something barely misses you.
You tentacle-slap something. The orc closely misses you. Something hits you.
* * * LOW HITPOINT WARNING * * *
You're too confused to move!
The orc misses you.
You hear some strange, mumbled words.
A puff of flame appears from out of thin air!
The puff of flame hits you!
You die...

. .. #.# ###.##
####.#### .....#
#.......# ......
#.#####.# ###### #
#.# .# #.# .# #.#
.#######..#.#####.#
..........#...){h.#
#.#.#.#.# ####o####
........# #.
......#.# #o
........# oo
.....)#.# #.
...>....## #.
.....)#..# #.
.........##.#


You could see an orc.

Vanquished Creatures
  Pargi (Sewer)
  An orc priest (D:3)
  Terence (D:2)
  4 gnolls (D:3)
  A worm (D:3)
  A dart slug (D:2)
  13 orcs (D:3)
  2 endoplasms (D:1)
  3 giant cockroaches (D:3)
  4 goblins
  8 hobgoblins
  6 kobolds
  3 quokkas
  7 ball pythons
  7 bats
  2 frilled lizards
  6 rats
70 creatures vanquished.

Notes
Turn   | Place    | Note
-------+----------+-------------------------------------------
     0 | D:1      | LeprechaunX the Octopode Shapeshifter began the quest for
                  | the Orb.
     0 | D:1      | Reached XP level 1. HP: 13/13 MP: 1/1
    73 | D:1      | Reached XP level 2. HP: 18/18 MP: 2/2
   430 | D:2      | Reached XP level 3. HP: 23/23 MP: 3/3
   486 | D:2      | Noticed Terence
   494 | D:2      | Killed Terence
  1072 | D:2      | Reached XP level 4. HP: 29/29 MP: 4/4
  1490 | D:3      | Reached XP level 5. HP: 34/34 MP: 5/5
  1514 | D:3      | Found a glowing drain.
  1522 | Sewer    | Entered a sewer
  1586 | Sewer    | Noticed Pargi
  1598 | Sewer    | Killed Pargi
  1599 | Sewer    | Reached XP level 6. HP: 12/41 MP: 6/6
  1830 | D:3      | Killed from afar by an orc wizard

Illustrated notes

Levels and vault maps discovered:
D:1:      lightli_arrival_maybe_door_vault, layout_basic
D:2:      layout_loops_corners, uniq_terence
D:3:      layout_loops_ring, hellmonk_ecumenical_altar_zigzags,
          portal_sewer_entry_b, st_stairs_4, uniq_grinder

Skill      XL: |  1  2  3  4  5 |
---------------+----------------+-----
Fighting       | 2 |  2.7
Shapeshifting  | 4 |  4.6
Dodging        | 3 |  3.2
Unarmed Combat | 4 |  4.0

Action                     |  1- 3 |  4- 6 || total
---------------------------+-------+-------++-------
  Melee: Unarmed           |    48 |    95 ||   143
         Tentacles         |    15 |    23 ||    38
         Constrict         |    11 |    19 ||    30
         Punch             |     2 |     2 ||     4
   Stab: Sleeping          |     5 |     3 ||     8
         Distracted        |       |     1 ||     1
 Armour: Skin              |     9 |    35 ||    44
  Dodge: Dodged            |    24 |    87 ||   111

Table legend: (Time is in decaauts)
 A = Elapsed time spent in this place.
 B = Non-inter-level travel time spent in this place.
 C = Inter-level travel time spent in this place.
 D = Time resting spent in this place.
 E = Time spent auto-exploring this place.
 F = Levels seen in this place.
 G = Mean time per level.
                   A        B        C        D        E       F      G
               +--------+--------+--------+--------+--------+-----+--------+
         Total |   1818 |   1760 |     58 |     29 |   1303 |   4 |  454.5 |
       Dungeon |   1573 |   1515 |     58 |     29 |   1105 |   3 |  524.3 |
         Sewer |    245 |    245 |      0 |      0 |    198 |   1 |  245.0 |
               +--------+--------+--------+--------+--------+-----+--------+

Top non-repeatable levels by time:
     D:2: 930 daAuts
     D:1: 377 daAuts
     D:3: 266 daAuts
   Sewer: 245 daAuts
